 Dungeon Crawl Stone Soup version 0.18.1-1-g2f07953 (webtiles) character file.

37929 ElDuderino the Severer (level 13, 0/119 HPs)
             Began as a Hill Orc Fighter on May 14, 2016.
             Was a High Priest of Okawaru.
             Slain by a spiny frog (17 damage)
             ... on level 8 of the Lair of Beasts.
             The game lasted 00:43:25 (17065 turns).

ElDuderino the Severer (Hill Orc Fighter)          Turns: 17065, Time: 00:43:26

Health: 0/119      AC: 24    Str: 24    XL:     13   Next: 99%
Magic:  17/17      EV: 14    Int:  8    God:    Okawaru [*****.]
Gold:   1095       SH:  0    Dex: 17    Spells: 0 memorised, 12 levels left

rFire  . . .     SeeInvis .     D - +4 flail
rCold  + . .     Gourm    .     G - +4 ring mail "Holasog" {rN+ Regen+}
rNeg   + . .     Faith    .     (no shield)
rPois  .         Spirit   .     a - +1 hat
rElec  .         Dismiss  .     x - +2 cloak
rCorr  +         Reflect  .     V - +2 pair of gloves {Str+3}
SustAt .         Harm     .     P - +1 pair of boots "Nilanig" {rC+}
MR     .....                    R - amulet of magic regeneration
Stlth  +++.......               J - ring of resist corrosion
                                F - +4 ring of dexterity

@: about to teleport, heroism, not resistant to hostile enchantments, fairly
stealthy
A: no striking features
a: Heroism, Finesse, Renounce Religion


You were on level 8 of the Lair of Beasts.
You worshipped Okawaru.
Okawaru was extremely pleased with you.
You were not hungry.

You visited 3 branches of the dungeon, and saw 17 of its levels.

You collected 1095 gold pieces.

Inventory:

Hand Weapons
 D - a +4 flail (weapon)
 M - the +6 battleaxe of Roegink {drain, Int+7}
   (You found it on level 2 of the Lair of Beasts)

   A truly terrible weapon, it drains the life of those it strikes.
   It affects your intelligence (+7).
Armour
 a - a +1 hat (worn)
 v - a +1 ring mail of fire resistance
 x - a +2 cloak (worn)
 G - the +4 ring mail "Holasog" (worn) {rN+ Regen+}
   (You found it on level 1 of the Lair of Beasts)

   It protects you from negative energy.
   It increases your rate of regeneration.
 H - the cursed +0 chain mail of the Bagpipe {rPois}
   (You found it on level 8 of the Lair of Beasts)

   It protects you from poison.
   It has a curse placed upon it.
 P - the +1 pair of boots "Nilanig" (worn) {rC+}
   (Okawaru gifted it to you on level 4 of the Lair of Beasts)

   It protects you from cold.
 V - a +2 pair of gloves of strength (worn)
 Y - a +0 plate armour of cold resistance
Jewellery
 F - a +4 ring of dexterity (left hand)
 J - a ring of resist corrosion (right hand)
 N - an uncursed ring of wizardry
 R - an amulet of magic regeneration (around neck)
 X - an uncursed ring of ice
 Z - a +3 ring of dexterity
Wands
 c - a wand of iceblast (0/15)
 m - a wand of teleportation (9/9)
 r - a wand of digging (11/24)
 A - a wand of digging (8/24)
 O - a wand of disintegration (7/24)
 T - a wand of lightning (4/15)
Scrolls
 b - a scroll of blinking
 h - 5 scrolls of teleportation
 p - a scroll of magic mapping
 t - a scroll of amnesia
 u - 6 scrolls of remove curse
 y - 4 scrolls of recharging
 L - 4 scrolls of identify
Potions
 i - a potion of invisibility
 j - 3 potions of heal wounds
 k - a potion of cure mutation
 n - 2 potions of ambrosia
 o - 3 potions of resistance
 q - a potion of berserk rage
 s - 4 potions of agility
 z - a potion of magic
 B - 3 potions of brilliance
 C - 3 potions of flight
 I - 5 potions of haste
 U - a potion of curing
Books
 e - a book of Battle

   Spells                             Type                      Level
   a - Infusion                       Charms                       1
   b - Shroud of Golubria             Charms/Translocation         2
   c - Song of Slaying                Charms                       2
   d - Spectral Weapon                Hexes/Charms                 3
   e - Regeneration                   Charms/Necromancy            3
Miscellaneous
 E - a fan of gales
 K - a phial of floods (inert)
 S - a fan of gales
Comestibles
 d - 3 meat rations
 f - 12 bread rations
 g - 10 fruits
 l - 5 slices of pizza
 w - 11 beef jerkies
 Q - 5 chunks of flesh


   Skills:
 + Level 12.8(17.8) Fighting
 * Level 19.6(24.6) Axes
 + Level 12.1(17.1) Armour
   Level 6.0(11.0) Shields
 - Level 6.0 Invocations
 - Level 5.0 Evocations


You had 12 spell levels left.
You didn't know any spells.

Dungeon Overview and Level Annotations

Branches:
Dungeon (8/15)             Temple (1/1) D:6            Lair (8/8) D:8
 Shoals (0/4) Lair:5        Snake (0/4) Lair:4        Slime (0/6) Lair:7

Altars:
Ashenzari
Cheibriados
Dithmenos
Elyvilon
Fedhas
Gozag
Kikubaaqudgha
Makhleb
Nemelex Xobeh
Okawaru
Pakellas
Qazlal
Ru
Sif Muna
Trog
Vehumet
Xom
Zin
The Shining One
Jiyva

Shops:
D:6 ((

Annotations:
Lair:2 exclusion: 4 oklob plants
Lair:3 exclusion: oklob plant


Message History

As you read the scroll of teleportation, it crumbles to dust.
You feel strangely unstable.
You feel very sick. The spiny frog stings you.
* * * LOW HITPOINT WARNING * * *
You are lethally poisoned!
The spiny frog poisons you!
The spiny frog stings you but does no damage.
The seven-headed hydra bites you but does no damage.
The seven-headed hydra bites you.
* * * LOW HITPOINT WARNING * * *
The seven-headed hydra bites you.
* * * LOW HITPOINT WARNING * * *
The seven-headed hydra bites you but does no damage.
The seven-headed hydra misses you.
The seven-headed hydra bites you but does no damage.
The seven-headed hydra closely misses you.
Drink which item? (? for menu, Esc to quit)
You feel better. The spiny frog stings you!
You die...

....................#.....P...P##
≈.≈..)....†..........#.......PP##
..P...........................P.#
.......................P.......P#
....F................#....#.P.###
..D.F.....................#P..##
...k...........................##
..............................P.#
......#....##..D@........#.......
.......####....F..........#P..P.#
.P....## ...#......P......##...P#
....... ..PP......#......#....P#
..P.P.....##.......P.###
....PP....PP..........#
....P....PPP...........#
...#P......PP....#....##
.PP#....#.....#


You could see a seven-headed hydra and a spiny frog.

Vanquished Creatures
  4 hydras
  8 death yaks
  Nergalle (Lair:3)
  Pikel (D:7)
  6 elephants
  5 black mambas
  3 torpor snails
  2 rime drakes
  14 spiny frogs
  7 komodo dragons
  A polar bear (Lair:6)
  20 blink frogs
  A boulder beetle (Lair:7)
  A wyvern (D:8)
  5 hippogriffs
  20 yaks
  A steam dragon (Lair:5)
  A basilisk (Lair:4)
  3 hungry ghosts
  Menkaure (D:5)
  A vampire mosquito (Lair:8)
  16 water moccasins
  9 porcupines
  3 sky beasts
  2 ice beasts
  An ogre (D:5)
  A black bear (Lair:4)
  An eye of draining (D:8)
  5 iguanas
  A centaur (D:8)
  20 wolves
  A big kobold (D:8)
  13 crocodiles
  23 giant frogs
  4 killer bees (D:7)
  5 scorpions
  8 wights (D:6)
  2 howler monkeys
  2 crimson imps
  2 orc priests (D:5)
  2 jellies (D:6)
  3 centaur skeletons
  3 orc wizards
  Crazy Yiuf (D:5)
  2 giant frog skeletons
  7 worker ants
  11 sheep (Lair:7)
  A hound skeleton (D:4)
  2 worker ant zombies
  A howler monkey zombie (D:8)
  14 adders
  4 gnolls
  49 river rats
  A shadow imp (D:5)
  An ooze (D:1)
  A worm (D:3)
  2 dart slugs
  4 giant geckos
  33 orcs
  5 giant cockroaches
  9 goblins
  7 hobgoblins
  10 jackals
  9 kobolds
  3 quokkas (D:5)
  3 ball pythons
  10 bats
  4 giant newts
  A quokka skeleton (D:4)
  11 rats
  A butterfly (Lair:5)
  4 fungi
  7 plants
451 creatures vanquished.

Vanquished Creatures (others)
  3 slaves (D:8)
  A giant frog (D:8)
  A jelly (D:8)
  3 fungi
  4 plants
12 creatures vanquished.

Grand Total: 463 creatures vanquished

Notes
Turn   | Place    | Note
--------------------------------------------------------------
     0 | D:1      | ElDuderino the Hill Orc Fighter began the quest for the Orb.
     0 | D:1      | Reached XP level 1. HP: 19/19 MP: 1/1
    59 | D:1      | Reached skill level 3 in Axes
   369 | D:1      | Reached XP level 2. HP: 18/26 MP: 2/2
   391 | D:1      | Reached skill level 4 in Axes
   956 | D:1      | Reached XP level 3. HP: 21/31 MP: 3/3
  1204 | D:1      | Reached skill level 5 in Axes
  1376 | D:2      | Reached XP level 4. HP: 29/39 MP: 4/4
  1582 | D:2      | Reached skill level 6 in Axes
  2122 | D:2      | Reached XP level 5. HP: 45/45 MP: 5/5
  2182 | D:3      | Reached skill level 7 in Axes
  2718 | D:3      | Reached skill level 8 in Axes
  2718 | D:3      | Reached XP level 6. HP: 49/51 MP: 6/6
  4012 | D:4      | Reached skill level 9 in Axes
  4082 | D:5      | Entered Level 5 of the Dungeon
  4331 | D:5      | Reached XP level 7. HP: 58/58 MP: 7/7
  4822 | D:5      | Noticed Menkaure
  4945 | D:5      | Killed Menkaure
  5081 | D:5      | Reached skill level 10 in Axes
  5188 | D:5      | Reached skill level 5 in Fighting
  5188 | D:5      | Reached XP level 8. HP: 55/68 MP: 8/8
  5242 | D:5      | Noticed Crazy Yiuf
  5253 | D:5      | Killed Crazy Yiuf
  5386 | D:5      | Reached skill level 5 in Armour
  5660 | D:6      | Found Iplanam's Weapon Boutique.
  5674 | D:6      | Found a staircase to the Ecumenical Temple.
  5687 | Temple   | Entered the Ecumenical Temple
  5949 | Temple   | Became a worshipper of Warmaster Okawaru
  6018 | D:6      | Reached skill level 1 in Invocations
  6040 | D:6      | Found a white marble altar of Elyvilon.
  6042 | D:6      | Found a glowing golden altar of the Shining One.
  6118 | D:6      | Found Tenohin's Antique Weapon Shop.
  6241 | D:6      | Found a radiant altar of Vehumet.
  6292 | D:6      | Reached skill level 11 in Axes
  7184 | D:7      | Reached * piety under Okawaru
  7200 | D:7      | Reached XP level 9. HP: 11/75 MP: 11/11
  7753 | D:7      | Reached skill level 12 in Axes
  8197 | D:8      | Noticed Pikel
  8226 | D:7      | Killed Pikel
  8226 | D:7      | Reached ** piety under Okawaru
  8336 | D:8      | Reached skill level 5 in Invocations
  8380 | D:8      | Reached skill level 13 in Axes
  8392 | D:8      | Reached *** piety under Okawaru
  8405 | D:8      | Reached XP level 10. HP: 33/88 MP: 14/14
  8755 | D:8      | Found a shimmering altar of Xom.
  8755 | D:8      | Noticed an angel
  8758 | D:8      | Found a glowing silver altar of Zin.
  8819 | D:8      | Found a staircase to the Lair.
  8887 | D:8      | Found a deep blue altar of Sif Muna.
  8992 | Lair:1   | Entered Level 1 of the Lair of Beasts
  9839 | Lair:1   | Noticed a spiny frog
  9851 | Lair:1   | Killed a spiny frog
  9879 | Lair:1   | Reached **** piety under Okawaru
  9879 | Lair:1   | Reached skill level 14 in Axes
  9925 | Lair:1   | Got a brightly glowing ring mail
  9926 | Lair:1   | Identified the +4 ring mail "Holasog" {rN+ Regen+} (You found it on level 1 of the Lair of Beasts)
  9998 | Lair:1   | Noticed a spiny frog
 10007 | Lair:1   | Killed a spiny frog
 10390 | Lair:1   | You fall through a shaft!
 10714 | Lair:2   | Noticed an oklob plant
 10735 | Lair:2   | Noticed an elephant
 10762 | Lair:2   | Killed an elephant
 10762 | Lair:2   | Reached ***** piety under Okawaru
 10771 | Lair:2   | Noticed an elephant
 10771 | Lair:2   | Noticed an elephant
 10771 | Lair:2   | Noticed an elephant
 10776 | Lair:2   | Noticed an elephant
 10803 | Lair:2   | Killed an elephant
 10803 | Lair:2   | Reached XP level 11. HP: 87/97 MP: 15/15
 10821 | Lair:2   | Reached skill level 15 in Axes
 10822 | Lair:2   | Received a gift from Okawaru
 11485 | Lair:2   | Noticed an oklob plant
 11485 | Lair:2   | Noticed an oklob plant
 11544 | Lair:2   | Noticed an oklob plant
 11598 | Lair:2   | Got a warped battleaxe
 11608 | Lair:2   | Identified the +6 battleaxe of Roegink {drain, Int+7} (You found it on level 2 of the Lair of Beasts)
 11836 | Lair:3   | Found a stormy altar of Qazlal.
 11836 | Lair:3   | Noticed an oklob plant
 11838 | Lair:3   | Noticed Nergalle
 11848 | Lair:3   | Killed Nergalle
 11922 | Lair:3   | Reached skill level 10 in Fighting
 12015 | Lair:3   | Noticed a five-headed hydra
 12525 | Lair:3   | Reached skill level 16 in Axes
 12693 | Lair:4   | Reached skill level 5 in Shields
 12749 | Lair:4   | Found a staircase to the Snake Pit.
 12850 | Lair:4   | Noticed a death yak
 12851 | Lair:4   | Noticed a death yak
 12865 | Lair:4   | Killed a death yak
 12865 | Lair:4   | Received a gift from Okawaru
 12865 | Lair:4   | Reached XP level 12. HP: 82/108 MP: 16/16
 12866 | Lair:4   | Got a pair of fine boots {god gift}
 12870 | Lair:4   | Killed a death yak
 12870 | Lair:4   | Reached skill level 10 in Armour
 12885 | Lair:4   | Identified the +1 pair of boots "Nilanig" {rC+} (Okawaru gifted it to you on level 4 of the Lair of Beasts)
 13431 | Lair:5   | Reached skill level 1 in Evocations
 13554 | Lair:5   | Noticed a death yak
 13565 | Lair:5   | Killed a death yak
 13565 | Lair:5   | Reached skill level 17 in Axes
 13933 | Lair:5   | Reached ****** piety under Okawaru
 14298 | Lair:5   | Found a staircase to the Shoals.
 14652 | Lair:6   | Received a gift from Okawaru
 14778 | Lair:6   | Reached XP level 13. HP: 94/116 MP: 17/17
 14822 | Lair:6   | Reached skill level 18 in Axes
 15747 | Lair:6   | Reached skill level 5 in Evocations
 16144 | Lair:7   | Found a viscous altar of Jiyva.
 16144 | Lair:7   | Found a staircase to the Slime Pits.
 16252 | Lair:7   | Reached skill level 19 in Axes
 16260 | Lair:7   | Received a gift from Okawaru
 16891 | Lair:8   | Entered Level 8 of the Lair of Beasts
 17021 | Lair:8   | Got a crude chain mail
 17037 | Lair:8   | Identified the cursed +0 chain mail of the Bagpipe {rPois} (You found it on level 8 of the Lair of Beasts)
 17065 | Lair:8   | Slain by a spiny frog

Skill      XL: |  1  2  3  4  5  6  7  8  9 10 11 12 13 |
---------------+----------------------------------------+-----
Axes           | 3 4 5 6 8 9 10 11 13 14 16 17 19 | 19.6
Fighting       | 5 6 7 9 10 11 12 | 12.8
Armour         | 4 5 6 8 9 11 12 | 12.1
Invocations    | 2 5 6 |  6.0
Shields        | 5 6 |  6.0
Evocations     | 4 5 |  5.0

Action                   |  1- 3 |  4- 6 |  7- 9 | 10-12 | 13-15 || total
-------------------------+-------+-------+-------+-------+-------++-------
Melee: War axe           |    98 |   250 |   362 |   329 |       ||  1039
       Battleaxe         |       |       |       |   281 |   219 ||   500
       Flail             |       |       |       |     9 |    53 ||    62
       Punch             |       |       |       |       |     3 ||     3
Throw: Javelin           |       |     4 |     4 |       |       ||     8
Invok: Heroism           |       |       |     3 |    12 |     8 ||    23
Evoke: Wand              |       |       |       |     3 |     3 ||     6
       Phial of floods   |       |       |       |       |     1 ||     1
  Use: Scroll            |       |     7 |     2 |    20 |    10 ||    39
       Potion            |       |       |     4 |       |     4 ||     8
 Stab: Sleeping          |       |       |       |     1 |       ||     1
  Eat: Chunk             |     2 |     9 |    13 |    23 |     8 ||    55
       Fruit             |       |       |     2 |       |       ||     2
       Royal jelly       |       |       |     1 |       |       ||     1
Armor: Scale mail        |    33 |    34 |       |       |       ||    67
       Chain mail        |       |    89 |       |       |       ||    89
       Ring mail         |       |       |   118 |   248 |   160 ||   526
Dodge: Dodged            |    30 |    39 |    89 |   242 |   165 ||   565
Block: Shield            |    48 |   105 |   164 |   130 |       ||   447
